 Dungeon Crawl Stone Soup version 0.31.0-11-ge490571c62 (webtiles) character file.

Game seed: 8466051786252977905

770 Gadfly the Ducker (level 7, -2/52 HPs)
             Began as a Demonspawn Shapeshifter on Jan 28, 2024.
             Killed by divine providence
             ... invoked by an orc priest
              (13 damage)
             ... on level 5 of the Dungeon.
             The game lasted 00:06:29 (3695 turns).

Gadfly the Ducker (Demonspawn Shapeshifter)         Turns: 3695, Time: 00:06:29

Health: -2/52      AC:  8    Str: 22    XL:     7   Next: 52%
Magic:  7/7        EV: 13    Int:  1    God:
Gold:   217        SH:  4    Dex: 12    Spells: 4/6 levels left

rFire   . . .        b - +4 dagger of Indomitability {flame, Str+5 Int-5}
rCold   . . .        (no shield)
rNeg    . . .        a - +0 animal skin
rPois   .            (helmet currently unavailable)
rElec   .            (cloak currently unavailable)
rCorr   .            (gloves currently unavailable)
SInv    .            (boots currently unavailable)
Will    .....        (no amulet)
Stlth   +            (no ring)
HPRegen 0.28/turn    (no ring)
MPRegen 0.10/turn

%: no passive effects
@: brilliant, lethally poisoned (-2 -> -6), beast-form
A: beast (slay +2), horns 1, icemail 1, sharp scales 2, condensation shield,
dopey 2
a: Begin Untransformation


You were on level 5 of the Dungeon.
You were a hulking beast.
You visited 1 branch of the dungeon, and saw 5 of its levels.

You collected 217 gold pieces.

Inventory:

Hand Weapons
 b - the +4 dagger of Indomitability (weapon) {flame, Str+5 Int-5}
   (You took it off a goblin on level 3 of the Dungeon)

   Str+5:     It affects your strength (+5).
   Int-5:     It affects your intelligence (-5).
 k - a +2 dagger of draining
Armour
 a - a +0 animal skin (worn)
Jewellery
 n - a ring of wizardry
Talismans
 c - a beast talisman
 d - a flux talisman
Wands
 l - a wand of mindburst (16) (quivered)
Scrolls
 e - a scroll of fog
 f - a scroll of enchant weapon
 j - 2 scrolls of teleportation
Potions
 h - a potion of lignification
 i - a potion of cancellation
 m - a potion of heal wounds {unknown}


   Skills:
 + Level 3.1 Fighting
 * Level 4.4 Dodging
 + Level 3.9 Unarmed Combat
 * Level 4.2 Evocations
 + Level 3.8 Shapeshifting


You had 4 spell levels left.
You knew the following spells:

 Your Spells              Type           Power      Damage    Failure   Level
a - Blink                 Tloc           0%         N/A       71%         2

Your spell library contained the following spells:

 Spells                   Type           Power      Damage    Failure   Level
 Freeze                   Ice            0%         1d3       56%         1
 Magic Dart               Conj           0%         1d3       56%         1
 Call Imp                 Summ           0%         N/A       71%         2
 Cigotuvi's Dreadful Rot  Necr/Alch/Air  0%         N/A       71%         2
 Ensorcelled Hibernation  Hex/Ice        0%         N/A       71%         2
 Frozen Ramparts          Ice            0%         1d1       91%         3
 Fugue of the Fallen      Necr           0%         N/A       91%         3
 Hailstorm                Conj/Ice       0%         3d5       91%         3
 Tukima's Dance           Hex            0%         N/A       91%         3
 Anguish                  Hex/Necr       0%         N/A       100%        4
 Ignite Poison            Fire/Alch      0%         N/A       100%        4
 Passage of Golubria      Tloc           0%         N/A       100%        4
 Freezing Cloud           Conj/Ice/Air   0%         6-21      100%        5
 Yara's Violent Unravell  Hex/Alch       0%         3d3       100%        5


Dungeon Overview and Level Annotations

Branches:
Dungeon (5/15)
 Temple: D:4-7

Altars:
Cheibriados
Dithmenos
Sif Muna


Innate Abilities, Weirdness & Mutations

You are a hulking beast.
Your limbs bulge with bestial killing power. (Slay +2)
You have a pair of small horns on your head.
A meltable icy envelope protects you from harm. (AC +4)
You are mostly covered in razor-sharp scales. (AC +2, Slay +2)
A meltable shield of frost defends you. (SH +4)
You are very dopey. (Int -4)


Message History

The water moccasin is severely wounded.
The water moccasin barely misses you. You block the orc's attack.
You closely miss the water moccasin. You headbutt the water moccasin.
The water moccasin is almost dead.
The water moccasin bites you.
You are poisoned.
The water moccasin poisons you! The orc closely misses you.
The water moccasin bites you.
You are more poisoned.
The water moccasin poisons you!
You feel stronger.
You feel stupid.
The +4 dagger of Indomitability {flame, Str+5 Int-5} bursts into flame!
b - the +4 dagger of Indomitability (weapon)
{flame, Str+5 Int-5} You feel very sick.
The orc hits you from afar with a +0 trident.
You barely miss the water moccasin.
The water moccasin is almost dead.
You feel very sick. The water moccasin barely misses you.
The orc completely misses you.
The water moccasin bites you but does no damage.
You hit the water moccasin but do no damage.
You headbutt the water moccasin.
You kill the water moccasin!
You feel very sick. The orc hits you but does no damage.
Your Fighting skill increases to level 3!
You feel very sick. The orc hits you but does no damage.
You see here a water moccasin corpse.
You feel very sick. The orc completely misses you.
You feel sick.
You feel sick.
It was a potion of brilliance.
You feel clever all of a sudden.
You feel sick.
The orc priest calls down the wrath of Beogh upon you.
Beogh smites you!
You die...

#......# #......+
#..))..### ####......
#.##### ...#.######
######.###..
....oo.oo.#
#.##........
....r.#.#.###
#.####...#.# .....
#+##h.####.####...#[#
###.
##............)... #
#.###.####....).. #.#
#..##........ #.#
##........... ###
.☼§≈≈≈.#..#
..≈≈☼§≈.....
#.≈≈_≈≈....#
#○≈≈§§≈.)...


You could see an orc priest and an orc.

Vanquished Creatures
  A water moccasin (D:5)
  A black bear (D:3)
  2 ogres
  2 orc priests
  Natasha (twice) (D:3)
  3 orc wizards
  Terence (D:2)
  9 adders
  A shadow imp (D:5)
  3 ribbon worms
  3 dart slugs
  8 orcs
  7 endoplasms
  5 hobgoblins
  6 jackals (D:2)
  5 quokkas
  6 ball pythons
  6 bats
  3 frilled lizards (D:1)
  9 goblins
  4 kobolds
  11 rats
  A spectral kobold (D:1)
99 creatures vanquished.

Notes
Turn   | Place    | Note
-------+----------+-------------------------------------------
     0 | D:1      | Gadfly the Demonspawn Shapeshifter began the quest for the
                  | Orb.
     0 | D:1      | Reached XP level 1. HP: 15/15 MP: 1/1
   130 | D:1      | Gained mutation: A meltable shield of frost defends you.
                  | (SH +4) [demonic ancestry]
   130 | D:1      | Reached XP level 2. HP: 15/21 MP: 2/2
   252 | D:1      | Reached skill level 1 in Evocations
   420 | D:1      | Reached XP level 3. HP: 19/26 MP: 3/3
   489 | D:1      | Found a faded altar of an unknown god.
   804 | D:2      | Found a snail-covered altar of Cheibriados.
  1152 | D:2      | Gained mutation: A meltable icy envelope protects you from
                  | harm. (AC +4) [demonic ancestry]
  1152 | D:2      | Reached XP level 4. HP: 29/32 MP: 4/4
  1244 | D:2      | Learned a level 2 spell: Blink
  1739 | D:3      | Noticed Terence
  1753 | D:2      | Killed Terence
  1945 | D:3      | Noticed a black bear
  1978 | D:3      | Killed a black bear
  1979 | D:3      | Gained mutation: You have a pair of small horns on your
                  | head. [demonic ancestry]
  1979 | D:3      | Reached XP level 5. HP: 16/38 MP: 5/5
  2068 | D:3      | Identified the +4 dagger of Indomitability {flame, Str+5
                  | Int-5}
  2481 | D:3      | Gained mutation: You are partially covered in razor-sharp
                  | scales. (AC +1, Slay +1) [demonic ancestry]
  2481 | D:3      | Reached XP level 6. HP: 44/44 MP: 6/6
  2511 | D:3      | Noticed Natasha
  2518 | D:3      | Killed Natasha
  2582 | D:3      | Noticed Natasha
  2586 | D:3      | Killed Natasha
  2763 | D:4      | Found a shadowy altar of Dithmenos.
  3268 | D:4      | Gained mutation: You are dopey. (Int -2) [potion of
                  | mutation]
  3268 | D:4      | Gained mutation: You are very dopey. (Int -4) [potion of
                  | mutation]
  3431 | D:5      | Entered Level 5 of the Dungeon
  3431 | D:5      | Found a shimmering blue altar of Sif Muna.
  3437 | D:5      | Gained mutation: You are mostly covered in razor-sharp
                  | scales. (AC +2, Slay +2) [demonic ancestry]
  3437 | D:5      | Reached XP level 7. HP: 49/51 MP: 7/7
  3695 | D:5      | Killed from afar by an orc priest

Illustrated notes

Levels and vault maps discovered:
D:1:      dpeg_arrival_court, layout_basic,
          dreamdust_ecumenical_altar_drowned_temple, minmay_surrounded
D:2:      layout_loops_corners, basic_altar
D:3:      layout_rooms, uniq_terence, uniq_natasha
D:4:      layout_loops_ring, nicolae_dithmenos_the_darkroom
D:5:      layout_basic, nicolae_sif_muna_condensation,
          gammafunk_temple_overflow_statue, enter_ossuary_5, minmay_hedge_maze,
          kennysheep_dice

Skill      XL: |  1  2  3  4  5  6  7 |
---------------+----------------------+-----
Dodging        | 2 3 4 |  4.4
Evocations     | 1 2 3 4 |  4.2
Shapeshifting  | 3 |  3.8
Unarmed Combat | 3 |  3.9
Fighting       | 2 3 |  3.1

Action                     |  1- 3 |  4- 6 |  7- 9 || total
---------------------------+-------+-------+-------++-------
  Melee: Unarmed           |    51 |    20 |     9 ||    80
         Dagger            |    72 |   113 |    24 ||   209
         Punch             |     3 |     2 |       ||     5
         Headbutt          |       |     9 |     8 ||    17
    Use: Scroll            |     4 |     6 |       ||    10
         Potion            |       |     1 |     1 ||     2
   Stab: Sleeping          |     1 |     3 |       ||     4
 Armour: Animal skin       |    52 |    88 |    23 ||   163
  Dodge: Dodged            |    87 |    67 |    15 ||   169
  Block: Other             |    20 |    19 |     3 ||    42
